 Adventure DCSS version bcrawl-1.23 (webtiles) character file.

Game seed: 4695458850684570448

36826 funkygono the Eclecticist (level 13, -25/73 HPs)
             Began as a Fairy Conjurer on May 23, 2020.
             Was a High Priest of Vehumet.
             Annihilated by an orc warlord
             ... wielding a +2 bardiche
              (45 damage)
             ... in the Orcish Mines.
             The game lasted 01:12:07 (21159 turns).

funkygono the Eclecticist (Fairy Conjurer)         Turns: 21159, Time: 01:12:07

Health: -25/73     AC: 19    Str:  6    XL:     13   Next: 92%
Magic:  7/34       EV: 35    Int: 22    God:    Vehumet [*****.]
Gold:   2002       SH: 22    Dex: 15    Spells: 7/42 levels left
                                        Lives:  0   Deaths: 2

rFire    . . .     SeeInvis +   m - +9 dagger (holy)
rCold    . . .     Gourm    .   n - +3 medium shield
rNeg     . . .     Faith    .   (armour unavailable)
rPois    +         Spirit   .   G - +2 hat {SInv}
rElec    .         Reflect  .   B - +2 cloak
rCorr    .         Harm     .   v - +2 pair of gloves
MR       +....                  (no boots)
Stlth    +.........             i - amulet of the acrobat
HPRegen  0.22/turn              D - ring of poison resistance
MPRegen  0.24/turn              Q - +4 ring of protection

@: flying evasively
A: small, magic attunement, unstealthy, unfitting armour, able to fly, AC/SH +7
a: Stop Flying, Renounce Religion


You were in the Orcish Mines.
You worshipped Vehumet.
Vehumet was extremely pleased with you.
You were not hungry.

You visited 4 branches of the dungeon, and saw 18 of its levels.

You collected 2002 gold pieces.

Inventory:

Hand Weapons
 m - a +9 dagger of holy wrath (weapon)
Armour
 n - a +3 medium shield (worn)
 v - a +2 pair of gloves (worn)
 B - a +2 cloak (worn)
 G - a +2 hat of see invisible (worn)
 N - a +0 buckler
Magical Staves
 H - an uncursed staff of cold
Jewellery
 d - an uncursed ring of protection from magic
 f - an uncursed ring of resist corrosion
 i - an amulet of the acrobat (around neck)
 j - an uncursed ring of stealth
 u - an uncursed ring of magical power
 w - an uncursed ring of positive energy
 D - a ring of poison resistance (left hand)
 Q - a +4 ring of protection (right hand)
Scrolls
 c - 3 scrolls of identify
 o - 5 scrolls of teleportation
 p - 4 scrolls of remove curse
 y - 3 scrolls of immolation
 z - a scroll of magic mapping
 O - a scroll of vulnerability
 R - 5 scrolls of amnesia
Potions
 a - 13 potions of curing
 b - 2 potions of magic
 g - a potion of cancellation
 h - 4 potions of heal wounds
 k - 2 potions of agility
 r - 3 potions of mutation
 t - 6 potions of invisibility
 x - 7 potions of lignification
 F - 2 potions of berserk rage
 J - a potion of flight
 M - a potion of resistance
Miscellaneous
 K - a lamp of fire
Comestibles
 e - 32 rations {!d}


   Skills:
 + Level 1.2 Fighting
 + Level 0.2 Short Blades
 + Level 8.6 Dodging
 - Level 1.5 Stealth
 + Level 11.6 Shields
 + Level 15.1 Spellcasting
 + Level 14.3 Conjurations
 + Level 1.1 Transmutations
 + Level 10.2 Fire Magic
 + Level 6.8 Ice Magic
 + Level 10.4 Earth Magic
 + Level 10.2 Poison Magic


You had 7 spell levels left.
You knew the following spells:

 Your Spells              Type           Power        Failure   Level  Hunger
a - Magic Dart            Conj           ####         1%          1    None
b - Searing Ray           Conj           ######..     1%          2    None
c - Iskenderun's Mystic   Conj           ######..     1%          3    None
d - Stone Arrow           Conj/Erth      ######       1%          3    None
e - Bolt of Magma         Conj/Fire/Erth ######....   2%          5    None
f - Venom Bolt            Conj/Pois      ######....   1%          5    None
g - Olgreb's Toxic Radia  Pois           ######...    1%          4    None
h - Ignite Poison         Fire/Tmut/Pois #####...     1%          3    None
i - Throw Icicle          Conj/Ice       ######..     1%          4    None
j - Iskenderun's Battles  Conj/Chrm      #####...     13%         5    None

Your spell library contained the following spells:

 Spells                   Type           Power        Failure   Level  Hunger
 Ozocubu's Refrigeration  Ice            #####.....   56%         6    None
 Freeze                   Ice            #####.       1%          1    None
 Sandblast                Erth           ######       1%          1    None
 Sting                    Conj/Pois      ####         1%          1    None
 Throw Frost              Conj/Ice       ######       1%          2    None
 Fulminant Prism          Conj/Hex       #####.....   4%          4    None
 Poisonous Vapours        Pois/Air       #####.       6%          2    None
 Irradiate                Conj/Tmut      ######....   11%         5    None
 Ozocubu's Armour         Chrm/Ice       ####....     24%         3    None
 Apportation              Tloc           ###...       32%         1    None
 Infusion                 Chrm           ###.....     32%         1    None
 Slow                     Hex            ###.....     32%         1    None
 Summon Butterflies       Summ           ###.....     32%         1    None
 Summon Scorpions         Summ/Pois      #####...     36%         4    None
 Song of Slaying          Chrm           ###.....     43%         2    None
 Conjure Ball Lightning   Conj/Air       #####.....   52%         6    None
 Summon Ice Beast         Ice/Summ       ####....     61%         4    None
 Regeneration             Chrm/Necr      ###.......   67%         3    None
 Spectral Weapon          Hex/Chrm       ###.....     67%         3    None
 Static Discharge         Air            ###.....     67%         3    None


Dungeon Overview and Level Annotations

Branches:
Dungeon (10/12)            Temple (1/1) D:7            Lair (6/6) D:9
 Shoals (0/3) Lair:4        Snake (0/3) Lair:2        Slime (0/5) Lair:5
    Orc (1/1) D:8
    Elf: Orc:1

Altars:
Ashenzari
Cheibriados
Dithmenos
Elyvilon
Fedhas
Gozag
Hepliaklqana
Kikubaaqudgha
Lugonu
Makhleb
Nemelex Xobeh
Okawaru
Qazlal
Ru
Sif Muna
Trog
Uskayaw
Vehumet
Wu Jian
Xom
Yredelemnul
Zin
The Shining One
Jiyva

Shops:
D:6 %   D:7 [   D:9 :


Innate Abilities, Weirdness & Mutations

Your spells do not cause hunger and MP costs are reduced by 1.
Your bright wings attract enemies. (Stealth-)
You cannot fit into any form of body armour.
Your shimmering scales are hard and can block incoming attacks. (AC +7, SH +7)
You are small and have problems with some larger weapons.
You can fly continuously.


Message History

Confirm with . or Enter, or press ? or * to list all spells.
Aiming: Searing Ray (safe; 1% risk of failure)
Press: ? - help, Shift-Dir - straight line, f - orc warlord
Aim: an orc warlord, wielding a +2 bardiche and wearing a +2 chain mail of poison resistance (lightly wounded, poisoned)
The searing ray hits the orc warlord but does no damage.
The orc warlord is lightly wounded. (Press . to maintain the ray.)
Your toxic aura wanes.
You block the orc warlord's attack.
The searing ray hits the orc warlord!
The orc warlord is lightly wounded.
The orc warlord hits you from afar with a +2 bardiche!!
* * * LOW HITPOINT WARNING * * *
The searing ray hits the orc warlord.
The orc warlord is lightly wounded.
The searing ray hits the orc warlord!
The orc warlord is moderately wounded.
The orc warlord hits you from afar with a +2 bardiche!!!
Ouch! That really hurt!
You die...

....##. .....#
..$.$#. ......
....... ......
......)##...$..
...)...))......
..).).......$..
..)))o()(......
#@[....$.
###...##. ###


You could see an orc warlord.

Vanquished Creatures
  2 entropy weavers (Lair:6)
  An ogre mage (D:10)
  Urug (Lair:6)
  5 hydras
  A centaur warrior (D:9)
  An anaconda (Lair:6)
  An alligator (Lair:6)
  A queen ant (Lair:6)
  A two-headed ogre (D:8)
  11 death yaks
  Sonja (D:10)
  3 cyclopes
  2 wolf spiders (Lair:6)
  2 oklob plants (Lair:4)
  An orc sorcerer (Orc)
  3 ugly things (D:10)
  A merfolk siren (Lair:4)
  13 black mambas
  A guardian serpent (Lair:6)
  A torpor snail (Lair:6)
  11 cane toads
  A rime drake (Lair:1)
  A komodo dragon (shapeshifter) (D:10)
  A kobold demonologist (D:8)
  6 komodo dragons
  A tengu conjurer (D:10)
  10 polar bears
  4 hornets
  3 trolls
  7 dream sheep (Lair:6)
  Prince Ribbit (D:5)
  A raiju (Lair:6)
  13 hippogriffs
  4 redbacks (Lair:6)
  2 wraiths (D:10)
  Sigmund (D:5)
  A shadow (D:8)
  13 wyverns
  14 yaks
  Grum (D:8)
  2 vampires
  A human (D:7)
  3 hogs (D:7)
  3 basilisks
  A vampire mosquito (D:8)
  5 wargs
  13 crocodiles
  23 soldier ants (Lair:6)
  8 porcupines
  18 water moccasins
  16 hell hounds (Lair:6)
  14 black bears
  4 ice beasts
  2 sky beasts
  7 orc warriors
  A phantom (D:9)
  26 wolves
  10 ogres
  A centaur (D:8)
  6 bullfrogs
  A big kobold (D:9)
  4 scorpions
  9 killer bees
  7 wights
  An electric eel (Lair:3)
  A bullfrog zombie (D:5)
  7 crimson imps
  6 hounds
  A jelly (D:5)
  A centaur zombie (D:10)
  A gnoll shaman (D:4)
  11 orc wizards
  6 orc priests
  Jessica (D:2)
  3 iguanas
  22 worker ants
  A howler monkey skeleton (D:7)
  13 adders
  A shadow imp (D:7)
  2 adder skeletons
  3 worms
  A dart slug (D:1)
  3 leopard geckos
  31 orcs
  3 giant cockroaches
  6 goblins
  12 hobgoblins
  9 jackals
  3 quokkas
  A ball python (D:2)
  A bat (D:2)
  5 frilled lizards
  A jackal skeleton (D:6)
  6 kobolds
  2 quokka skeletons
  6 rats
  A fungus (D:9)
  6 plants
512 creatures vanquished.

Vanquished Creatures (others)
  24 fungi
  34 plants
58 creatures vanquished.

Grand Total: 570 creatures vanquished

Notes
Turn   | Place    | Note
-------+----------+-------------------------------------------
     0 | D:1      | funkygono the Fairy Conjurer began the quest for the Orb.
     0 | D:1      | Reached XP level 1. HP: 11/11 MP: 6/6
    53 | D:1      | Reached skill level 5 in Conjurations
   114 | D:1      | Reached XP level 2. HP: 17/17 MP: 7/7
   118 | D:1      | Learned a level 2 spell: Searing Ray
   852 | D:2      | Reached skill level 3 in Spellcasting
   852 | D:2      | Reached XP level 3. HP: 21/21 MP: 5/9
   971 | D:2      | Learned a level 3 spell: Iskenderun's Mystic Blast
  1169 | D:2      | Found a sparkling altar of Nemelex Xobeh.
  1229 | D:2      | Noticed Jessica
  1233 | D:2      | Killed Jessica
  1233 | D:2      | Reached XP level 4. HP: 27/27 MP: 8/10
  1447 | D:3      | Found a hide-covered altar of Uskayaw.
  1971 | D:3      | Reached skill level 1 in Shields
  2106 | D:3      | Reached XP level 5. HP: 31/31 MP: 10/12
  2563 | D:4      | Reached skill level 4 in Spellcasting
  2705 | D:4      | Identified the +5 spear of Esurchi {elec, +Blink rN+
                  | Stlth+}
  2722 | D:4      | Reached XP level 6. HP: 26/36 MP: 12/14
  2941 | D:4      | Reached skill level 5 in Spellcasting
  3087 | D:4      | Identified Sif Muna's Collected Works on the Cloudy Rocks
  3238 | D:4      | Learned a level 3 spell: Stone Arrow
  3244 | D:4      | Learned a level 5 spell: Bolt of Magma
  3259 | D:5      | Entered Level 5 of the Dungeon
  3317 | D:5      | Noticed Prince Ribbit
  3328 | D:5      | Killed Prince Ribbit
  3328 | D:5      | Reached skill level 1 in Fire Magic
  3328 | D:5      | Reached skill level 1 in Earth Magic
  3328 | D:5      | Reached XP level 7. HP: 41/41 MP: 14/17
  3495 | D:5      | Noticed Sigmund
  3504 | D:5      | Killed Sigmund
  3504 | D:5      | Reached skill level 6 in Spellcasting
  4298 | D:6      | Reached XP level 8. HP: 44/46 MP: 14/19
  4313 | D:6      | Noticed a hippogriff
  4324 | D:6      | Killed a hippogriff
  4518 | D:6      | Reached skill level 7 in Spellcasting
  4564 | D:6      | Found Ehaxaoff's Food Shop.
  4643 | D:6      | Noticed a vampire
  4651 | D:6      | Killed a vampire
  4651 | D:6      | Reached XP level 9. HP: 46/51 MP: 13/22
  4802 | D:6      | Reached skill level 8 in Spellcasting
  4851 | D:6      | Found a sacrificial altar of Ru.
  5009 | D:6      | Reached skill level 5 in Fire Magic
  5201 | D:7      | Reached skill level 5 in Shields
  5684 | D:7      | Found a snail-covered altar of Cheibriados.
  5705 | D:7      | Found a glowing golden altar of the Shining One.
  5721 | D:7      | Found Keohilew's Antique Armour Shoppe.
  5805 | D:7      | Found a staircase to the Ecumenical Temple.
  5811 | D:7      | Reached skill level 10 in Conjurations
  5821 | Temple   | Entered the Ecumenical Temple
  5927 | Temple   | Became a worshipper of Vehumet
  6106 | D:7      | Reached skill level 5 in Earth Magic
  6107 | D:7      | Reached XP level 10. HP: 51/56 MP: 15/24
  6107 | D:7      | Reached skill level 9 in Spellcasting
  6273 | D:8      | Noticed Grum
  6282 | D:8      | Killed Grum
  6394 | D:8      | Found a staircase to the Orcish Mines.
  6420 | D:8      | Found a burning altar of Makhleb.
  6847 | D:8      | Reached * piety under Vehumet
  6847 | D:8      | Offered knowledge of Shock by Vehumet.
  6852 | D:8      | Reached skill level 5 in Dodging
  7244 | D:8      | Noticed a two-headed ogre
  7252 | D:8      | Killed a two-headed ogre
  7390 | D:8      | Reached XP level 11. HP: 62/62 MP: 20/26
  7471 | D:8      | Noticed a moth of wrath
  7490 | D:8      | Found a bloodstained altar of Trog.
  7556 | D:8      | Reached skill level 10 in Spellcasting
  7886 | D:8      | Learned a level 5 spell: Venom Bolt
  7891 | D:8      | Learned a level 4 spell: Olgreb's Toxic Radiance
  7895 | D:8      | Learned a level 3 spell: Ignite Poison
  8193 | D:9      | Found an opulent altar of Gozag.
  8528 | D:9      | Noticed a centaur warrior
  8553 | D:9      | Killed a centaur warrior
  8553 | D:9      | Reached skill level 1 in Poison Magic
  8667 | D:9      | Found a staircase to the Lair.
  8744 | D:9      | Found Himmab's Book Shoppe.
  9123 | D:10     | Entered Level 10 of the Dungeon
  9137 | D:10     | Noticed a purple ugly thing
  9146 | D:10     | Killed a purple ugly thing
  9437 | D:10     | Noticed a cyclops
  9447 | D:10     | Killed a cyclops
  9447 | D:10     | Reached skill level 1 in Fighting
  9472 | D:10     | Offered knowledge of Flame Tongue by Vehumet.
  9472 | D:10     | Noticed a cyan ugly thing
  9479 | D:10     | Killed a cyan ugly thing
  9479 | D:10     | Reached ** piety under Vehumet
  9737 | D:10     | Noticed Sonja
  9741 | D:10     | Noticed an ogre mage
  9750 | D:10     | Killed an ogre mage
  9754 | D:10     | Killed Sonja
  9754 | D:10     | Reached skill level 11 in Spellcasting
 10085 | D:10     | Noticed a white ugly thing
 10094 | D:10     | Killed a white ugly thing
 10094 | D:10     | Reached XP level 12. HP: 36/68 MP: 14/29
 10739 | Lair:1   | Entered Level 1 of the Lair of Beasts
 10792 | Lair:1   | Reached skill level 5 in Poison Magic
 11023 | Lair:1   | Noticed a five-headed hydra
 11034 | Lair:1   | Killed a five-headed hydra
 11402 | Lair:1   | Noticed an eight-headed hydra
 11407 | Lair:1   | Killed an eight-headed hydra
 11407 | Lair:1   | Reached skill level 12 in Spellcasting
 11462 | Lair:1   | Offered knowledge of Mephitic Cloud by Vehumet.
 12097 | Lair:2   | Found a staircase to the Snake Pit.
 12292 | Lair:2   | Reached *** piety under Vehumet
 13164 | Lair:3   | Noticed an eight-headed hydra
 13169 | Lair:3   | Killed an eight-headed hydra
 13249 | Lair:3   | Offered knowledge of Airstrike by Vehumet.
 13340 | Lair:3   | Reached XP level 13. HP: 72/72 MP: 22/31
 14051 | Lair:3   | Learned a level 4 spell: Throw Icicle
 14110 | Lair:4   | Reached skill level 1 in Ice Magic
 14721 | Lair:4   | Found a staircase to the Shoals.
 15291 | Lair:5   | Reached skill level 13 in Spellcasting
 15391 | Lair:5   | Reached **** piety under Vehumet
 15555 | Lair:5   | Found a viscous altar of Jiyva.
 15555 | Lair:5   | Found a staircase to the Slime Pits.
 15686 | Lair:5   | Offered knowledge of Iskenderun's Battlesphere by Vehumet.
 15693 | Lair:5   | Learned a level 5 spell: Iskenderun's Battlesphere
 15903 | Lair:5   | Reached skill level 10 in Shields
 16300 | Lair:6   | Entered Level 6 of the Lair of Beasts
 16665 | Lair:6   | Reached skill level 10 in Earth Magic
 16960 | Lair:6   | Reached ***** piety under Vehumet
 17080 | Lair:6   | Offered knowledge of Spellforged Servitor by Vehumet.
 17113 | Lair:6   | Reached skill level 5 in Ice Magic
 17171 | Lair:6   | Reached XP level 14. HP: 79/79 MP: 25/33
 17224 | Lair:6   | Reached skill level 14 in Spellcasting
 17314 | Lair:6   | Noticed an entropy weaver
 17361 | Lair:6   | Slain by an entropy weaver
 17362 | Lair:6   | Reached XP level 13. HP: -1/72 MP: 2/33
 17366 | Lair:6   | Noticed an entropy weaver
 17373 | Lair:6   | Killed an entropy weaver
 17394 | Lair:6   | HP: 2/73 [cane toad (12)]
 17394 | Lair:6   | Slain by a redback
 17395 | Lair:6   | Reached XP level 12. HP: -4/69 MP: 3/32
 17395 | Lair:6   | Noticed Urug
 17405 | Lair:6   | Killed Urug
 18381 | Lair:6   | Killed an entropy weaver
 18793 | Lair:6   | Noticed a death yak
 18793 | Lair:6   | Noticed a death yak
 18793 | Lair:6   | Noticed a death yak
 18793 | Lair:6   | Noticed a death yak
 18793 | Lair:6   | Noticed a death yak
 18793 | Lair:6   | Noticed a death yak
 18797 | Lair:6   | Killed a death yak
 18797 | Lair:6   | Reached XP level 13. HP: 53/73 MP: 25/33
 18819 | Lair:6   | Reached skill level 1 in Transmutations
 18833 | Lair:6   | Reached skill level 10 in Fire Magic
 19375 | Lair:6   | Offered knowledge of Ozocubu's Refrigeration by Vehumet.
 19570 | Lair:6   | HP: 2/73 [hell hound/blast of flame (17)]
 19984 | Lair:6   | Reached skill level 15 in Spellcasting
 21134 | Orc      | Entered the Orcish Mines
 21134 | Orc      | Noticed an orc warlord
 21140 | Orc      | Reached skill level 10 in Poison Magic
 21159 | Orc      | Annihilated by an orc warlord

Skill      XL: |  1  2  3  4  5  6  7  8  9 10 11 12 13 14 |
---------------+-------------------------------------------+-----
Conjurations   | 5 6 7 8 9 10 11 12 14 | 14.3
Spellcasting   | 3 4 5 6 7 8 9 11 12 15 14 | 15.1
Shields        | 1 2 3 4 6 8 9 11 | 11.6
Dodging        | 3 4 5 6 7 8 |  8.6
Fire Magic     | 1 2 3 5 7 8 9 10 | 10.2
Earth Magic    | 1 2 3 5 6 8 9 10 | 10.4
Poison Magic   | 3 9 10 | 10.2
Fighting       | 1 |  1.2
Ice Magic      | 6 5 |  6.8
Transmutations | 1 |  1.1
Short Blades   | |  0.2
Stealth        | |  1.5

Action                   |  1- 3 |  4- 6 |  7- 9 | 10-12 | 13-15 || total
-------------------------+-------+-------+-------+-------+-------++-------
Melee: Dagger            |       |    93 |     1 |    23 |    72 ||   189
 Cast: Magic Dart        |    57 |    90 |    67 |   163 |   159 ||   536
       Searing Ray       |     3 |    15 |    30 |    69 |    51 ||   168
       Iskenderun's Myst |       |     9 |     7 |    11 |     1 ||    28
       Stone Arrow       |       |       |     2 |       |     1 ||     3
       Bolt of Magma     |       |       |       |    85 |    90 ||   175
       Olgreb's Toxic Ra |       |       |       |    26 |    26 ||    52
       Ignite Poison     |       |       |       |    12 |    13 ||    25
       Venom Bolt        |       |       |       |    35 |    36 ||    71
       Throw Icicle      |       |       |       |     2 |    67 ||    69
       Iskenderun's Batt |       |       |       |       |     1 ||     1
  Use: Scroll            |     1 |     8 |     4 |    16 |    11 ||    40
       Potion            |       |       |       |       |     8 ||     8
  Eat: Chunk             |     1 |     6 |     5 |    16 |    11 ||    39
       Ration            |       |       |     1 |     2 |     3 ||     6
Armor: Skin              |       |     3 |     4 |    16 |    63 ||    86
Dodge: Dodged            |     7 |    16 |    40 |   120 |   311 ||   494
Block: Other             |       |     5 |     3 |       |       ||     8
       Medium shield     |       |       |    41 |   138 |   678 ||   857
       Buckler           |       |       |       |    54 |    15 ||    69
